 Dungeon Crawl Stone Soup version 0.27.1 (webtiles) character file.

Game seed: 17781792777117181816

173 Malachi the Shield-Bearer (level 5, -1/33 HPs)
             Began as an Octopode Transmuter on Aug 26, 2021.
             Was an Initiate of Gozag.
             Killed from afar by a steam dragon (15 damage)
             ... with a ball of steam
             ... on level 3 of the Dungeon.
             The game lasted 00:05:11 (4324 turns).

Malachi the Shield-Bearer (Octopode Transmuter)     Turns: 4324, Time: 00:05:12

Health: -1/33      AC:  8    Str:  9    XL:     5   Next: 53%
Magic:  8/8        EV: 13    Int: 17    God:    Gozag
Gold:   354        SH:  7    Dex: 12    Spells: 4/8 levels left

rFire    . . .     SeeInvis .   c - +2 short sword (protect)
rCold    . . .     Faith    .   a - +2 buckler
rNeg     . . .     Spirit   .   (helmet restricted)
rPois    .         Reflect  .   (no amulet)
rElec    .         Harm     .   (no ring)
rCorr    .         Rampage  .   (no ring)
Will     .....                  (no ring)
Stlth    ++........             (no ring)
HPRegen  0.11/turn              (no ring)
MPRegen  0.11/turn              (no ring)
                                (no ring)
                                (no ring)

@: under a protective aura, hasted, very quick
A: almost no armour, amphibious, 8 rings, camouflage 1, gelatinous body 1,
(nimble swimmer 1), tentacles
a: Renounce Religion, Potion Petition, Call Merchant, Bribe Branch


You were on level 3 of the Dungeon.
You worshipped Gozag.
Gozag was aware of your devotion.
You visited 1 branch of the dungeon, and saw 3 of its levels.

You collected 363 gold pieces.
You paid 9 gold pieces to Gozag.

Inventory:

Hand Weapons
 c - a +2 short sword of protection (weapon)
 d - a +0 dagger of holy wrath
Armour
 a - a +2 buckler (worn)
Scrolls
 e - a scroll of identify
Potions
 b - a potion of haste


   Skills:
 - Level 1.0 Fighting
 - Level 2.0 Dodging
 - Level 4.0 Shields
 - Level 3.2 Unarmed Combat
 - Level 2.0 Spellcasting
 * Level 2.8 Transmutations
 * Level 2.0 Poison Magic


You had 4 spell levels left.
You knew the following spells:

 Your Spells              Type           Power      Damage    Failure   Level
a - Beastly Appendage     Tmut           22%        N/A       6%          1
b - Spider Form           Tmut/Pois      4%         N/A       22%         3

Your spell library contained the following spells:

 Spells                   Type           Power      Damage    Failure   Level
 Wereblood                Tmut           11%        N/A       10%         2
 Animate Skeleton         Necr           2%         N/A       19%         1
 Pain                     Necr           4%         1d4       19%         1
 Vampiric Draining        Necr           0%         2d6       50%         3
 Ice Form                 Ice/Tmut       6%         N/A       73%         4


Dungeon Overview and Level Annotations

Branches:
Dungeon (3/15)

Altars:
Gozag


Innate Abilities, Weirdness & Mutations

You cannot wear most types of armour.
You are amphibious.
You can wear up to eight rings at the same time.
Your skin changes colour to match your surroundings (Stealth+).
Your rubbery body absorbs attacks. (AC +1, EV +1)
((You are camouflaged near water. (Stealth+)))
You have tentacles for arms and can constrict up to eight enemies at once.


Message History

Found a scroll labelled INKENE DIFF.
Found a stone staircase leading down.
Things that are here:
3 gold pieces; a +0 dagger You closely miss the hobgoblin.
You grab the hobgoblin.
You squeeze the hobgoblin, but do no damage.
You constrict the hobgoblin, but do no damage.
You block the hobgoblin's attack.
You hit the hobgoblin.
You kill the hobgoblin!
The steam dragon breathes steam at you.
The ball of steam hits you but does no damage.
No target in view!
Unknown command.
You feel yourself speed up.
You are engulfed in a cloud of scalding steam.
The steam dragon completely misses you.
The steam dragon claws you but does no damage.
You closely miss the steam dragon. You squeeze the steam dragon!
The steam dragon is moderately wounded.
You are engulfed in a cloud of scalding steam.
You barely miss the steam dragon. You squeeze the steam dragon.
The steam dragon is heavily wounded.
The steam dragon bites you! The steam dragon completely misses you.
You hit the steam dragon.
Your weapon exudes an aura of protection.
You squeeze the steam dragon.
The steam dragon is heavily wounded.
The steam dragon barely misses you. x2
You hit the steam dragon.
The steam dragon is severely wounded.
The steam dragon completely misses you. You block the steam dragon's attack.
You closely miss the steam dragon. Your squeeze misses the steam dragon.
The steam dragon is severely wounded.
You hit the steam dragon but do no damage.
You squeeze the steam dragon.
The steam dragon is severely wounded.
The steam dragon breathes steam at you. The ball of steam hits you!
You die...
Your body crumbles into a pile of gold.

..... ....... ...
... ####.. ..#
###....#...#
#...#$.#...#
#.#<#$#....#
#.#........#.#.
.........@......>
#.#.###..D#.....#
# ##..#.....#
....#+#### #.#.#.
#...... ###.#...
#.#


You could see a steam dragon (catching breath).

Vanquished Creatures
  Robin (D:2)
  4 gnolls
  3 adders (D:2)
  2 worms (D:2)
  A dart slug (D:1)
  5 ball pythons
  4 bats
  6 endoplasms
  5 giant cockroaches
  18 goblins
  12 hobgoblins
  8 kobolds
  2 quokkas
  3 frilled lizards
  5 rats
79 creatures vanquished.

Notes
Turn   | Place    | Note
-------+----------+-------------------------------------------
     0 | D:1      | Malachi the Octopode Transmuter began the quest for the
                  | Orb.
     0 | D:1      | Reached XP level 1. HP: 13/13 MP: 3/3
   205 | D:1      | Reached skill level 1 in Shields
   333 | D:1      | Reached XP level 2. HP: 15/18 MP: 3/5
   494 | D:1      | Reached skill level 2 in Shields
   868 | D:1      | Reached XP level 3. HP: 17/23 MP: 3/6
   896 | D:1      | Learned a level 3 spell: Spider Form
  1235 | D:1      | Found an opulent altar of Gozag.
  1263 | D:1      | Became a worshipper of Gozag Ym Sagoz the Greedy
  1392 | D:1      | Reached skill level 3 in Shields
  1816 | D:2      | Noticed Robin
  1843 | D:2      | Killed Robin
  1844 | D:2      | Reached XP level 4. HP: 22/28 MP: 7/7
  2143 | D:1      | HP: 1/28 [gnoll (8)]
  3559 | D:2      | Reached XP level 5. HP: 30/33 MP: 8/8
  3564 | D:2      | Reached skill level 1 in Poison Magic
  3572 | D:2      | Reached skill level 4 in Shields
  4311 | D:3      | Noticed a steam dragon
  4324 | D:3      | Killed from afar by a steam dragon

Illustrated notes

Levels and vault maps discovered:
D:1:      dpeg_arrival_simpleton_c, layout_loops_ring, kennysheep_flooded_box
D:2:      minmay_recursive_quarters, layout_basic, uniq_robin
D:3:      layout_basic, nicolae_ashenzari_panopticon,
          hellmonk_ecumenical_altar_zigzags, kennysheep_decorative_pillar,
          uniq_terence

Skill      XL: |  1  2  3  4  5 |
---------------+----------------+-----
Shields        | 1 2 3 4 |  4.0
Poison Magic   | 2 |  2.0
Fighting       | |  1.0
Dodging        | |  2.0
Unarmed Combat | |  3.2
Spellcasting   | |  2.0
Transmutations | |  2.8

Action                   |  1- 3 |  4- 6 || total
-------------------------+-------+-------++-------
Melee: Unarmed           |    89 |    26 ||   115
       Constrict         |    25 |    27 ||    52
       Kick              |    18 |     2 ||    20
       Tentacles         |     9 |    18 ||    27
       Punch             |     2 |     1 ||     3
       Short sword       |       |    74 ||    74
 Cast: Beastly Appendage |    18 |     2 ||    20
  Use: Scroll            |     4 |     3 ||     7
       Potion            |       |     1 ||     1
 Stab: Sleeping          |     7 |       ||     7
       Distracted        |       |     1 ||     1
Armor: Skin              |     2 |    11 ||    13
Dodge: Dodged            |    36 |    46 ||    82
Block: Buckler           |    16 |    35 ||    51
